 Dungeon Crawl Stone Soup version 0.31-a0-848-gaac375c287 (webtiles) character file.

Game seed: 9370107479814360303

3411 javelincjr the Mimic (level 9, -5/76 HPs)
             Began as a Troll Shapeshifter on Oct 4, 2023.
             Was a Believer of Trog.
             Slain by an orc knight
             ... wielding a +0 trident
              (15 damage)
             ... in a bailey.
             The game lasted 00:20:05 (4929 turns).

javelincjr the Mimic (Troll Shapeshifter)           Turns: 4929, Time: 00:20:06

Health: -5/76      AC:  8    Str: 28    XL:     9   Next: 76%
Magic:  8/8        EV: 10    Int:  6    God:    Trog [**....]
Gold:   476        SH:  0    Dex:  9    Spells: 8/8 levels left

rFire   . . .        s - +2 flail (protect)
rCold   . . .        (no shield)
rNeg    . . .        a - +0 animal skin
rPois   .            (helmet currently unavailable)
rElec   .            (cloak currently unavailable)
rCorr   .            (gloves unavailable)
SInv    +            (boots unavailable)
Will    ++...        (no amulet)
Stlth   +            f - ring of see invisible
HPRegen 2.12/turn    v - +4 ring of protection
MPRegen 0.11/turn

%: no passive effects
@: beast-form, strong-willed (expiring), on berserk cooldown, regenerating
(expiring), slowed, very slow
A: beast (slay +4), large, unfitting armour, claws 3, regeneration 1, shaggy fur
1, tough skin 1
a: Begin Untransformation, Renounce Religion, Berserk, Trog's Hand


You were in a bailey.
You worshipped Trog.
Trog was pleased with you.
You were a hulking beast.
You visited 2 branches of the dungeon, and saw 8 of its levels.
You also visited: Bailey.

You collected 476 gold pieces.

Inventory:

Hand Weapons
 s - a +2 flail of protection (weapon)
Missiles
 l - 4 large rocks (quivered)
 n - 10 poisoned darts
 t - 5 boomerangs
 x - a throwing net
 y - 2 curare-tipped darts
Armour
 a - a +0 animal skin (worn)
Jewellery
 e - a ring of protection from cold
 f - a ring of see invisible (left claw)
 g - a ring of poison resistance
 r - a ring of magical power
 v - a +4 ring of protection (right claw)
Talismans
 c - a beast talisman (active)
 d - a flux talisman
Wands
 w - a wand of paralysis (2)
 z - a wand of mindburst (2)
Scrolls
 i - 2 scrolls of enchant armour
 j - a scroll of amnesia {unknown}
 k - a scroll of fear {unknown}
 o - a scroll of immolation {unknown}
 p - a scroll of revelation {unknown}
 q - 2 scrolls of enchant weapon
 u - a scroll of teleportation {unknown}
Potions
 b - a potion of lignification
 m - a potion of attraction
 A - a potion of brilliance


   Skills:
 - Level 1.4 Fighting
 - Level 2.1 Dodging
 - Level 3.4 Unarmed Combat
 * Level 12.7 Shapeshifting


You had 8 spell levels left.
You didn't know any spells.
Your spell library contained the following spells:

 Spells                   Type           Power      Damage    Failure   Level
 Dazzling Flash           Conj/Hex       0%         N/A       83%         3
 Frozen Ramparts          Ice            0%         1d1       83%         3
 Volatile Blastmotes      Fire/Tloc      0%         2d10      83%         3
 Petrify                  Tmut/Erth      0%         N/A       99%         4
 Metabolic Englaciation   Hex/Ice        0%         N/A       100%        5
 Starburst                Conj/Fire      0%         6d3       100%        6
 Maxwell's Capacitive Co  Air            0%         ∞         100%        8


Dungeon Overview and Level Annotations

Branches:
Dungeon (7/15)             Temple (1/1) D:4          Bailey (1/1)

Altars:
Ashenzari
Cheibriados
Dithmenos
Fedhas
Gozag
Hepliaklqana
Makhleb
Nemelex Xobeh
Okawaru
Qazlal
Ru
Sif Muna
Trog
Uskayaw
Vehumet
Xom
Yredelemnul
Zin
The Shining One

Shops:
D:4 :   D:5 ?   D:6 (


Innate Abilities, Weirdness & Mutations

You are a hulking beast.
Your limbs bulge with bestial killing power. (Slay +4)
You are too large for most types of armour.
You have claws for hands.
Your natural rate of healing is unusually fast.
You are covered in fur. (AC +1)
You have tough skin. (AC +1)


Message History

The orc knight is severely wounded.
The orc knight closely misses you.
You barely miss the orc knight.
The orc knight is severely wounded.
The orc knight hits you with a +0 trident!!
You barely miss the orc knight.
The orc knight is severely wounded.
The orc knight hits you with a +0 trident!
You hit the orc knight but do no damage.
Your weapon exudes an aura of protection.
The orc knight is severely wounded.
The orc knight barely misses you.
You sock the orc knight!
The orc knight is almost dead.
You are no longer berserk.
You are exhausted.
You feel yourself slow down.
The orc knight hits you with a +0 trident!
You hit the orc knight.
The orc knight is almost dead.
The orc knight hits you with a +0 trident.
The orc knight hits you with a +0 trident!
You closely miss the orc knight.
The orc knight is almost dead.
The orc knight hits you with a +0 trident!
The orc knight hits you with a +0 trident.
* * * LOW HITPOINT WARNING * * *
Your skin crawls.
You feel strong-willed.
The orc knight hits you with a +0 trident.
Throw: 5 large rocks
Press: ? - help, Q - select action, (/) - cycle Shift-Dir - straight line, f - orc knight
Aim: an orc knight, wielding a +0 trident and wearing a +0 crystal plate armour (almost dead, 56% to hit)
You throw a large rock.
The large rock barely misses the orc knight.
You feel the effects of Trog's Hand fading.
The orc knight hits you with a +0 trident!!
* * * LOW HITPOINT WARNING * * *
The orc knight hits you with a +0 trident!
You die...

............#..##.#.##..#........
...........##.#########.##.......
.......)...##.')# )#)'.##.......
...........##[### _.###.##.......
...........##)')# ..#)'.##.......
...........##.####'####.##.......
............#..##∩?∩##..##.......
............##..#'''##...........
.......).....##.ho.(##...........
.....≈≈)≈≈≈...##....##....≈≈≈.≈≈.
....≈≈#.##≈....#######....≈##.#≈≈
....≈##.∩#≈..............)≈#∩.##≈
....≈#...................).)...#≈
....≈##.##≈...............≈##.##≈
.... ###≈≈...............≈≈###
... .≈≈≈≈≈.................≈≈≈≈
.. ............................


You could see an orc knight.

Vanquished Creatures
  Grinder (D:5)
  Sigmund (D:6)
  2 water moccasins
  An ice beast (D:6)
  12 orc warriors (Bailey)
  A sky beast (D:7)
  2 black bears
  2 ogres
  2 phantoms
  A kobold brigand (D:7)
  3 scorpions
  4 hounds
  A jelly (D:6)
  2 orc priests (D:5)
  A gnoll bouda (D:5)
  7 iguanas
  2 sleepcaps (D:4)
  5 orc wizards
  5 gnolls (D:5)
  6 adders
  A shadow imp (D:6)
  A white imp (D:6)
  An ufetubus (D:7)
  2 worms (D:2)
  6 dart slugs
  27 orcs
  2 endoplasms (D:1)
  3 giant cockroaches
  8 goblins
  2 hobgoblins
  2 jackals (D:3)
  6 kobolds
  3 quokkas
  3 ball pythons
  6 bats
  5 frilled lizards
  4 rats
143 creatures vanquished.

Notes
Turn   | Place    | Note
-------+----------+-------------------------------------------
     0 | D:1      | javelincjr the Troll Shapeshifter began the quest for the
                  | Orb.
     0 | D:1      | Reached XP level 1. HP: 18/18 MP: 0/0
     2 | D:1      | Noticed a demigod
     2 | D:1      | Noticed a spriggan
     4 | D:1      | Noticed a minotaur
     4 | D:1      | Noticed a tengu
     6 | D:1      | Noticed a vine stalker
     8 | D:1      | Noticed an octopode
     8 | D:1      | Noticed a merfolk
    10 | D:1      | Noticed a gargoyle
    10 | D:1      | Noticed a meteoran
    12 | D:1      | Noticed a formicid
    12 | D:1      | Noticed a ghoul
    14 | D:1      | Noticed a vampire
    14 | D:1      | Noticed a felid
    16 | D:1      | Noticed an elf
    16 | D:1      | Noticed a naga
    18 | D:1      | Noticed an ogre
    18 | D:1      | Noticed a troll
    20 | D:1      | Noticed a demonspawn
    20 | D:1      | Noticed a human
    22 | D:1      | Noticed a draconian
    24 | D:1      | Noticed a gargoyle
    26 | D:1      | Noticed a demonspawn
    26 | D:1      | Noticed a spriggan
    58 | D:1      | Reached skill level 1 in Fighting
    90 | D:1      | Reached XP level 2. HP: 27/27 MP: 1/1
   384 | D:2      | Found a faded altar of an unknown god.
   394 | D:2      | Reached XP level 3. HP: 33/33 MP: 2/2
  1748 | D:4      | Noticed a phantom
  1753 | D:4      | Killed a phantom
  1754 | D:4      | Reached skill level 4 in Shapeshifting
  1754 | D:4      | Reached XP level 4. HP: 40/41 MP: 3/3
  1758 | D:4      | Found a sparkling altar of Nemelex Xobeh.
  1820 | D:4      | Found a broken altar of Ashenzari.
  1824 | D:4      | Reached XP level 5. HP: 41/48 MP: 4/4
  1830 | D:4      | Reached skill level 5 in Shapeshifting
  1974 | D:4      | Found a staircase to the Ecumenical Temple.
  1992 | Temple   | Entered the Ecumenical Temple
  2021 | Temple   | Became a worshipper of Trog the Wrathful
  2066 | D:4      | Found Suocvike's Book Boutique.
  2068 | D:4      | Noticed an ogre
  2072 | D:4      | Killed an ogre
  2073 | D:4      | Reached XP level 6. HP: 55/55 MP: 5/5
  2168 | D:4      | Reached skill level 6 in Shapeshifting
  2201 | D:4      | Found a snail-covered altar of Cheibriados.
  2455 | D:5      | Entered Level 5 of the Dungeon
  2510 | D:5      | Reached XP level 7. HP: 45/62 MP: 6/6
  2561 | D:5      | Found Ixtennis's Magic Scroll Shoppe.
  2575 | D:5      | Reached * piety under Trog
  2892 | D:5      | Reached skill level 7 in Shapeshifting
  3080 | D:5      | Reached skill level 8 in Shapeshifting
  3149 | D:5      | Reached XP level 8. HP: 60/70 MP: 7/7
  3222 | D:5      | Noticed Grinder
  3247 | D:5      | Reached skill level 9 in Shapeshifting
  3250 | D:5      | Found a glowing golden altar of the Shining One.
  3250 | D:5      | Found a glowing silver altar of Zin.
  3265 | D:5      | Paralysed by Grinder for 3 turns
  3273 | D:5      | Killed Grinder
  3321 | D:5      | Found a stormy altar of Qazlal.
  3324 | D:5      | Found a shimmering blue altar of Sif Muna.
  3557 | D:6      | Reached skill level 10 in Shapeshifting
  3565 | D:6      | Reached ** piety under Trog
  3607 | D:6      | Noticed Sigmund
  3614 | D:6      | Killed Sigmund
  3836 | D:6      | Found Hywnueta's Weapon Boutique.
  3860 | D:6      | Reached XP level 9. HP: 76/76 MP: 8/8
  4299 | D:7      | Reached skill level 11 in Shapeshifting
  4408 | D:7      | Found a flagged portal.
  4424 | D:7      | Found an opulent altar of Gozag.
  4430 | Bailey   | Entered a bailey
  4654 | Bailey   | Reached skill level 12 in Shapeshifting
  4703 | Bailey   | Reached *** piety under Trog
  4857 | Bailey   | Noticed an orc knight
  4929 | Bailey   | Slain by an orc knight

Illustrated notes

Levels and vault maps discovered:
D:1:      kb_arrival_jail, layout_rooms
D:2:      layout_basic, nicolae_ecumenical_pavilion, kennysheep_flooded_box,
          serial_bayou_pond_a
D:3:      layout_basic
D:4:      layout_basic, kennysheep_slug_shrine, mainiacjoe_overflow_boulevard,
          nemelex_altar_shiori, minmay_temple_entry_tees, serial_shops, shop,
          hex_intersection
D:5:      layout_loops_ring, grunt_temple_overflow_cloverleaf, serial_shops,
          shop, kennysheep_dice, uniq_grinder
D:6:      layout_basic, serial_shops, nicolae_stop_n_shop_1, uniq_sigmund
D:7:      layout_rooms, kennysheep_little_box, lemuel_crystal_altar,
          enter_bailey_5
Temple:   grunt_temple_mini_profane
Bailey:   bailey_polearm_2, bailey

Skill      XL: |  1  2  3  4  5  6  7  8  9 |
---------------+----------------------------+-----
Fighting       | 1 |  1.4
Dodging        | 2 |  2.1
Shapeshifting  | 4 5 6 8 10 12 | 12.7
Unarmed Combat | |  3.4

Action                     |  1- 3 |  4- 6 |  7- 9 || total
---------------------------+-------+-------+-------++-------
  Melee: Unarmed           |    79 |    55 |       ||   134
         Punch             |     1 |     4 |    10 ||    15
         Flail             |       |       |   352 ||   352
  Throw: Large rock        |       |       |    11 ||    11
 Invoke: Berserk           |       |       |     4 ||     4
         Trog's Hand       |       |       |     1 ||     1
  Evoke: Wand              |       |       |     1 ||     1
    Use: Scroll            |       |       |     4 ||     4
   Stab: Paralysed         |       |       |     2 ||     2
 Armour: Animal skin       |    40 |    47 |   411 ||   498
  Dodge: Dodged            |    35 |    29 |   277 ||   341

Table legend: (Time is in decaauts)
 A = Elapsed time spent in this place.
 B = Non-inter-level travel time spent in this place.
 C = Inter-level travel time spent in this place.
 D = Time resting spent in this place.
 E = Time spent auto-exploring this place.
 F = Levels seen in this place.
 G = Mean time per level.
                   A        B        C        D        E       F      G
               +--------+--------+--------+--------+--------+-----+--------+
         Total |   5084 |   4860 |    224 |    226 |   3285 |   9 |  564.9 |
       Dungeon |   4482 |   4304 |    178 |     66 |   3261 |   7 |  640.3 |
        Temple |     54 |      8 |     46 |      0 |      0 |   1 |   54.0 |
        Bailey |    547 |    547 |      0 |    160 |     24 |   1 |  547.0 |
               +--------+--------+--------+--------+--------+-----+--------+

Top non-repeatable levels by time:
     D:5: 974 daAuts
     D:6: 891 daAuts
     D:3: 742 daAuts
     D:4: 697 daAuts
     D:2: 607 daAuts
  Bailey: 547 daAuts
     D:1: 382 daAuts
     D:7: 186 daAuts
  Temple: 54 daAuts
